 Dungeon Crawl Stone Soup version 0.26.1-11-gd32895ea62 (webtiles) character file.

Game seed: 14969637812588738162

11 Zeld the Twirler (level 2, -2/19 HPs)
             Began as an Octopode Gladiator on May 21, 2021.
             Engulfed by a cloud of steam (9 damage)
             ... on level 1 of the Dungeon.
             The game lasted 00:01:05 (675 turns).

Zeld the Twirler (Octopode Gladiator)                Turns: 675, Time: 00:01:05

Health: -2/19      AC:  1    Str: 13    XL:     2   Next: 29%
Magic:  2/2        EV: 14    Int: 10    God:
Gold:   67         SH:  0    Dex: 13    Spells: 1/1 levels left

rFire    . . .     SeeInvis .   a - +0 quarterstaff
rCold    . . .     Faith    .   (shield currently unavailable)
rNeg     . . .     Spirit   .   b - +0 hat
rPois    .         Reflect  .   (no amulet)
rElec    .         Harm     .   (no ring)
rCorr    .         Rampage  .   (no ring)
Will     .....                  (no ring)
Stlth    +++.......             (no ring)
HPRegen  0.06/turn              (no ring)
MPRegen  0.08/turn              (no ring)
                                (no ring)
                                (no ring)

@: no status effects
A: almost no armour, stealthy swim, amphibious, 8 rings, constrict 8, camouflage
1, gelatinous body 1
a: no special abilities


You were on level 1 of the Dungeon.
You visited 1 branch of the dungeon, and saw 1 of its levels.

You collected 67 gold pieces.

Inventory:

Hand Weapons
 a - a +0 quarterstaff (weapon)
Missiles
 c - 3 throwing nets
 j - 20 poisoned darts (quivered)
Armour
 b - a +0 hat (worn)
Scrolls
 d - 3 scrolls of identify {unknown}
 g - a scroll of immolation {unknown}
 h - a scroll of remove curse {unknown}
Potions
 e - a potion of invisibility {unknown}
 f - a potion of degeneration {unknown}
 i - a potion of cancellation {unknown}


   Skills:
 - Level 2.0 Fighting
 * Level 3.7 Staves
 - Level 2.0 Throwing
 - Level 3.0 Dodging


You had one spell level left.
You didn't know any spells.
Your spell library was empty.

Dungeon Overview and Level Annotations

Branches:
Dungeon (1/15)

Altars:


Innate Abilities, Weirdness & Mutations

You cannot wear most types of armour.
You are very stealthy in the water. (Stealth+)
You are amphibious.
You can wear up to eight rings at the same time.
You can use your tentacles to constrict eight enemies at once.
Your skin changes colour to match your surroundings (Stealth+).
Your rubbery body absorbs attacks. (AC +1, EV +1)


Message History

Things that are here:
a +0 short sword; a kobold corpse You see here a kobold corpse.
You open the door.
There is an open door here.
There is a staircase leading out of the dungeon here.
You open the door.
There is a staircase leading out of the dungeon here.
There is an open door here.
You see here a kobold skeleton.
Things that are here:
a +0 short sword; a kobold skeleton You see here a leather armour.
Partly explored, can't reach some places.
Partly explored, can't reach some places.
Really walk into a travel-excluded area?
You are engulfed in a cloud of scalding steam.
You are engulfed in a cloud of scalding steam.
You are engulfed in a cloud of scalding steam.
You die...

#####.(.(###....#...####.
#..)....÷...#............
#.#######.#..#......####.
#.# #..#.####...####.
#.#### ##.#.####........
#.#..# #####...........
#....# ###.....###.
#.[..######§ ###......###
#...≈##§@#§§ #.#.....)###
##.≈≈#§##§§§≈#...........
#.≈≈≈≈###§§≈#...#....##.
#.≈≈### §###..##....###
#..≈# #..##....... #...#
#........... ##..#
#...#.......
#..#########...........
####.......#...##.#.#..


There were no monsters in sight!

Vanquished Creatures
  A dart slug (D:1)
  A leopard gecko (D:1)
  A giant cockroach (D:1)
  A goblin (D:1)
  2 kobolds (D:1)
  A bat (D:1)
  A rat (D:1)
8 creatures vanquished.

Notes
Turn   | Place    | Note
-------+----------+-------------------------------------------
     0 | D:1      | Zeld the Octopode Gladiator began the quest for the Orb.
     0 | D:1      | Reached XP level 1. HP: 14/14 MP: 1/1
   299 | D:1      | Reached XP level 2. HP: 19/19 MP: 2/2
   675 | D:1      | Engulfed by a cloud of steam

Illustrated notes

Levels and vault maps discovered:
D:1:      psy_arrival_terrarium, layout_rooms, amcnicky_mini_corridor_feature,
          lemuel_another_geyser

Action                   || total
-------------------------++-------
Melee: Quarterstaff      ||    18
       Constrict         ||     6
       Tentacles         ||     5
 Stab: Sleeping          ||     1
Dodge: Dodged            ||    16
